 Dungeon Crawl Stone Soup version 0.28-a0-863-g8cecda6153 (webtiles) character file.

Game seed: 7028122753869605232

1606291 demibob the Eternal Night (level 27, 199/199 HPs)
             Began as a Kobold Brigand on Nov 9, 2021.
             Was the Champion of Dithmenos.
             Escaped with the Orb
             ... and 3 runes on Nov 18, 2021!
             The game lasted 05:04:06 (76169 turns).

demibob the Eternal Night (Kobold Brigand)         Turns: 76169, Time: 05:04:07

Health: 199/199    AC: 24    Str: 11    XL:     27
Magic:  49/49      EV: 53    Int: 16    God:    Dithmenos [******]
Gold:   5013       SH: 18    Dex: 42    Spells: 26/26 levels left

rFire   + + .      SeeInvis +   a - +18 lance "Wyrmbane" {slay drac, rPois rF+ rC+ AC+3}
rCold   + + .      Faith    .   W - +3 buckler {AC+3}
rNeg    . . .      Spirit   +   n - +2 ring mail of Iveizigh {rPois Dex+4 Slay+3}
rPois   +          Reflect  .   (no helmet)
rElec   +          Harm     .   y - scarf {+Inv}
rCorr   .          Rampage  .   s - +5 pair of gloves "Qouch" {MP+9 Dex+5}
Will    ++++.                   O - +2 pair of boots {Stlth+}
Stlth   ++++++....              Q - amulet "Qeqoj" {Spirit rC+ Will+ Regen+ Slay+2}
HPRegen 1.43/turn               d - ring "Otatso" {rElec Will+ Int+4 Dex+6}
MPRegen 0.31/turn               I - ring "Feru" {+Blink rF+ SInv}

@: wreathed by umbra, studying 3 skills
A: small, no large weapons, nightstalker 3, fangs 1, large bone plates 1, agile
1, deterioration 1, dopey 1, inhibited regeneration, no potion heal 1
0: Orb of Zot
}: 3/15 runes: barnacled, silver, gossamer
a: Renounce Religion, Evoke Blink, Evoke Invisibility, Shadow Step, Shadow Form


You escaped.
You worshipped Dithmenos.
Dithmenos was exalted by your worship.
You visited 11 branches of the dungeon, and saw 52 of its levels.
You visited 1 bazaar.
You also visited: Bailey.

You collected 7884 gold pieces.
You spent 2871 gold pieces at shops.


Innate Abilities, Weirdness & Mutations

You are small and have problems with some larger weapons.
You are completely attuned to the shadows.
You have very sharp teeth.
You are partially covered in large bone plates. (SH +4)
You are agile. (Dex +2)
Your body sometimes deteriorates upon taking damage.
You are dopey. (Int -2)
You do not regenerate when monsters are visible.
Potions are less effective at restoring your health.


   Skills:
 O Level 27 Fighting
 - Level 14.0 Short Blades
 - Level 12.0 Polearms
 - Level 10.0 Crossbows
 - Level 9.0 Throwing
 - Level 8.3 Armour
 O Level 27 Dodging
 + Level 17.1 Stealth
 - Level 8.7 Shields
 O Level 27 Invocations
 - Level 14.8 Evocations


You had 26 spell levels left.
You didn't know any spells.
Your spell library contained the following spells:

 Spells                   Type           Power      Damage    Failure   Level
 Animate Skeleton         Necr           0%         N/A       45%         1
 Apportation              Tloc           0%         N/A       45%         1
 Pain                     Necr           0%         1d4       45%         1
 Sandblast                Erth           0%         2d4       45%         1
 Shock                    Conj/Air       0%         1d3       45%         1
 Slow                     Hex            0%         N/A       45%         1
 Sting                    Tmut/Pois      0%         1d3       45%         1
 Summon Small Mammal      Summ           0%         N/A       45%         1
 Corpse Rot               Necr/Air       0%         N/A       61%         2
 Passwall                 Tmut/Erth      0%         N/A       61%         2
 Poisonous Vapours        Pois/Air       0%         N/A       61%         2
 Static Discharge         Conj/Air       0%         N/A       61%         2
 Sublimation of Blood     Necr           0%         N/A       61%         2
 Wereblood                Tmut           0%         N/A       61%         2
 Call Canine Familiar     Summ           0%         N/A       83%         3
 Confusing Touch          Hex            0%         N/A       83%         3
 Dazzling Flash           Conj/Hex       0%         N/A       83%         3
 Frozen Ramparts          Ice            0%         1d2       83%         3
 Gell's Gravitas          Tloc           0%         N/A       83%         3
 Ignite Poison            Fire/Tmut/Pois 0%         N/A       83%         3
 Mephitic Cloud           Conj/Pois/Air  0%         N/A       83%         3
 Spider Form              Tmut/Pois      0%         N/A       83%         3
 Stone Arrow              Conj/Erth      0%         3d7       83%         3
 Summon Guardian Golem    Hex/Summ       0%         N/A       83%         3
 Teleport Other           Tloc           0%         N/A       83%         3
 Tukima's Dance           Hex            0%         N/A       83%         3
 Vampiric Draining        Necr           0%         2d6       83%         3
 Airstrike                Air            0%         N/A       99%         4
 Dispel Undead            Necr           0%         3d6       99%         4
 Ice Form                 Ice/Tmut       0%         N/A       99%         4
 Olgreb's Toxic Radiance  Pois           0%         N/A       99%         4
 Passage of Golubria      Tloc           0%         N/A       99%         4
 Petrify                  Tmut/Erth      0%         N/A       99%         4
 Sticky Flame             Conj/Fire      0%         2d3       99%         4
 Summon Ice Beast         Ice/Summ       0%         N/A       99%         4
 Summon Lightning Spire   Summ/Air       0%         N/A       99%         4
 Agony                    Necr           0%         N/A       100%        5
 Alistair's Intoxication  Tmut/Pois      0%         N/A       100%        5
 Blade Hands              Tmut           0%         N/A       100%        5
 Fireball                 Conj/Fire      0%         3d3       100%        5
 Freezing Cloud           Conj/Ice/Air   0%         6-21      100%        5
 Iskenderun's Battlesphe  Conj           0%         2d6       100%        5
 Lightning Bolt           Conj/Air       0%         1d11      100%        5
 Manifold Assault         Tloc           0%         N/A       100%        5
 Metabolic Englaciation   Hex/Ice        0%         N/A       100%        5
 Silence                  Hex/Air        0%         N/A       100%        5
 Summon Mana Viper        Hex/Summ       0%         N/A       100%        5
 Yara's Violent Unravell  Hex/Tmut       0%         3d3       100%        5
 Conjure Ball Lightning   Conj/Air       0%         3x3d6     100%        6
 Death Channel            Necr           0%         N/A       100%        6
 Dispersal                Tloc           0%         N/A       100%        6
 Eringya's Noxious Bog    Tmut/Pois      0%         N/A       100%        6
 Iron Shot                Conj/Erth      0%         9d1       100%        6
 Simulacrum               Ice/Necr       0%         N/A       100%        6
 Starburst                Conj/Fire      0%         6d3       100%        6
 Statue Form              Tmut/Erth      0%         N/A       100%        6
 Dragon Form              Tmut           0%         N/A       100%        7
 Haunt                    Necr/Summ      0%         N/A       100%        7
 Monstrous Menagerie      Summ           0%         N/A       100%        7
 Orb of Destruction       Conj           0%         N/A       100%        7
 Ozocubu's Refrigeration  Ice            0%         4d5       100%        7
 Spellforged Servitor     Conj/Summ      0%         N/A       100%        7
 Discord                  Hex            0%         N/A       100%        8
 Disjunction              Tloc           0%         N/A       100%        8
 Ignition                 Fire           0%         3d3       100%        8
 Chain Lightning          Conj/Air       0%         N/A       100%        9
 Polar Vortex             Ice            0%         N/A       100%        9
 Shatter                  Erth           0%         3d5*      100%        9

Inventory:

Hand Weapons
 a - the +18 lance "Wyrmbane" (weapon) {slay drac, rPois rF+ rC+ AC+3}
   (You found it on level 4 of the Shoals)

   It inflicts extra damage against dragons and draconians.
   AC:        It affects your AC (+3).
   rF:        It protects you from fire.
   rC:        It protects you from cold.
   rPois:     It protects you from poison.
 b - a +9 dagger of freezing
Missiles
 c - 7 datura-tipped darts
 e - 2 curare-tipped darts {=f}
 v - 2 throwing nets (quivered) {=f}
 P - 11 atropa-tipped darts
Armour
 m - a +2 helmet
 n - the +2 ring mail of Iveizigh (worn) {rPois Dex+4 Slay+3}
   (You found it on level 6 of the Dungeon)

   Dex:       It affects your dexterity (+4).
   Slay:      It affects your accuracy & damage with ranged weapons and melee
   (+3).
   rPois:     It protects you from poison.
 s - the +5 pair of gloves "Qouch" (worn) {MP+9 Dex+5}
   (You found it on level 3 of the Elven Halls)

   Dex:       It affects your dexterity (+5).
   MP:        It affects your magic capacity (+9).
 y - a scarf of invisibility (worn)
 O - a +2 pair of boots of stealth (worn)
 W - a +3 buckler of protection (worn)
 Y - the +2 ratskin cloak {*Rats rPois rN+ Str-1 Int-1 Dex+1}
   (You found it on level 14 of the Dungeon)

   When the wearer is hurt, rats may emerge from it to assist them.
   Str:       It affects your strength (-1).
   Int:       It affects your intelligence (-1).
   Dex:       It affects your dexterity (+1).
   rPois:     It protects you from poison.
   rN:        It protects you from negative energy.
Jewellery
 d - the ring "Otatso" (left hand) {rElec Will+ Int+4 Dex+6}
   (You took it off a green draconian on level 4 of the Realm of Zot)

   [ring of dexterity]

   Int:       It affects your intelligence (+4).
   Dex:       It affects your dexterity (+6).
   rElec:     It insulates you from electricity.
   Will:      It increases your willpower.
 f - a ring of protection from fire
 i - the ring "Irphess" {Fly Will+ Int+6}
   (You acquired it on level 1 of the Depths)

   [ring of flight]

   Int:       It affects your intelligence (+6).
   Fly:       It grants you flight.
   Will:      It increases your willpower.
 k - the ring of the Muttering Queen {Contam rN+ Dex+9 Slay+2 SInv}
   (You found it on level 3 of the Crypt)

   [ring of positive energy]

   Dex:       It affects your dexterity (+9).
   Slay:      It affects your accuracy & damage with ranged weapons and melee
   (+2).
   rN:        It protects you from negative energy.
   SInv:      It lets you see invisible.
   Contam:    It causes magical contamination when unequipped.
 B - the ring of Xuizaffe {AC+4 Stlth+}
   (You found it on level 10 of the Dungeon)

   [ring of protection]

   AC:        It affects your AC (+4).
   Stlth:     It makes you more stealthy.
 I - the ring "Feru" (right hand) {+Blink rF+ SInv}
   (You bought it in a shop on level 2 of the Dungeon)

   [ring of protection from fire]

   rF:        It protects you from fire.
   SInv:      It lets you see invisible.
   +Blink:    It lets you blink.
 Q - the amulet "Qeqoj" (around neck) {Spirit rC+ Will+ Regen+ Slay+2}
   (You bought it in a shop on level 1 of the Vaults)

   [amulet of guardian spirit]

   It causes incoming damage to be divided between your reserves of health and
   magic.
   Slay:      It affects your accuracy & damage with ranged weapons and melee
   (+2).
   rC:        It protects you from cold.
   Regen:     It increases your rate of health regeneration.
   Will:      It increases your willpower.
 R - the ring "Ceacyose" {rPois rN+ Will+ Str+4 Stlth-}
   (You found it on level 3 of the Crypt)

   [ring of positive energy]

   Str:       It affects your strength (+4).
   rPois:     It protects you from poison.
   rN:        It protects you from negative energy.
   Will:      It increases your willpower.
   Stlth:     It makes you less stealthy.
Wands
 x - a wand of iceblast (13)
 z - a wand of digging (8)
 L - a wand of mindburst (25)
 T - a wand of acid (32)
 V - a wand of paralysis (19)
Scrolls
 g - 3 scrolls of teleportation {@r2}
 h - 37 scrolls of identify {@r1}
 l - a scroll of brand weapon
 u - 5 scrolls of holy word
 G - 2 scrolls of magic mapping
 H - 5 scrolls of enchant armour
 K - 3 scrolls of silence {!r}
 S - a scroll of summoning
 U - 2 scrolls of fear
 Z - 3 scrolls of enchant weapon
Potions
 j - 15 potions of curing {@q1}
 p - 9 potions of attraction
 r - 2 potions of ambrosia
 w - 2 potions of flight
 A - 2 potions of magic
 D - a potion of haste {@q3}
 F - a potion of heal wounds {@q2}
 M - 2 potions of berserk rage {!q}
Miscellaneous
 E - a condenser vane
 J - a phial of floods
 N - a box of beasts
 X - a phantom mirror

Dungeon Overview and Level Annotations

Branches:
Dungeon (15/15)            Temple (1/1) D:6            Lair (6/6) D:8
 Shoals (4/4) Lair:2       Spider (4/4) Lair:4        Slime (0/5) Lair:6
    Orc (2/2) D:9             Elf (3/3) Orc:2        Vaults (5/5) D:14
  Crypt (3/3) Vaults:2       Tomb (0/3) Crypt:3      Depths (4/4) D:15
    Zot (5/5) Depths:4     Bailey (visited)

Altars:
Ashenzari
Cheibriados
Dithmenos
Elyvilon
Fedhas
Gozag
Hepliaklqana
Kikubaaqudgha
Nemelex Xobeh
Okawaru
Qazlal
Ru
Sif Muna
Vehumet
Wu Jian
Yredelemnul
Zin
Beogh

Shops:
D:2 ([=   D:4 *   Orc:2 =(*:?   Elf:2 [   Elf:3 *(?   Vaults:1 =   Vaults:5 [
Depths:1 *   Depths:3 *

Portals:
Hell: Depths:1 Depths:2 Depths:3 Depths:4
Abyss: Depths:2 Depths:3 Depths:4
Pandemonium: Orc:2 Depths:2
Ziggurat: Depths:1
Trove: D:10 (give +4 shadow dragon scales)

Annotations:
D:3 1 runed translucent door, Crazy Yiuf
D:10 exclusion: obsidian statue
D:11 2 transporters, ragingrage's ghost, journeyman DsCK
D:15 3 runed translucent doors
Lair:2 exclusion: oklob plant
Lair:4 Kirke
Lair:6 exclusion: oklob plant
Orc:1 3 runed translucent doors
Crypt:3 exclusion: door
Zot:1 exclusion: lightning spire
Zot:5 3 runed translucent doors, Nempuhu's ghost, veteran MiDe

#.#.# #.### #............#.
#...# #.# #....#####..... #.###
#.# #......# #.#..# #.#
#.#########.####.# #.#... #.#
#.##.....(.......# #...#. #.#
##.##........###### #....# #.#
##..##.##'''##.# #..... #.#
##.#[##.#.....#.# #.....
#.###.##..#.#..@..#.# #....#
#........#..#.....#.# #.####
#.#.###.....#.....#.#######.#
#.##.....#..##+++##......##.#
#.#...###.#......[..####.##.####
#......#.##..........# #.##.....
#.......####.#######.# #.####...
#..................#.# #.# #.##
#.......####.#####.#.###.## #.#


There were no monsters in sight!


Message History

(D) Dungeon (T) Temple (L) Lair (A) Shoals (N) Spider Nest (M) Slime Pits (O) Orcish Mines (E) Elven Halls (V) Vaults (C) Crypt (W) Tomb (U) Depths (H) Hell (Z) Zot
Where to? (Enter - D:1 @ (x,y), ? - help)
You climb upwards.
There is a stone staircase leading down here.
There is a stone staircase leading up here.
You climb upwards.
There is a stone staircase leading down here.
There is a stone staircase leading up here.
You climb upwards.
There is a stone staircase leading down here.
You see here a +0 giant spiked club.
There is a stone staircase leading up here.
You climb upwards.
There is a stone staircase leading down here.
There is a stone staircase leading up here.
You climb upwards.
Level annotation: 1 runed translucent door, Crazy Yiuf
There is a stone staircase leading down here.
There is a stone staircase leading up here.
You climb upwards.
There is a stone staircase leading down here.
There is a stone staircase leading up here.
You climb upwards.
There is a stone staircase leading down here.
There is an open gate here.
There is a staircase leading out of the dungeon here.
You have escaped!

Skill      XL: |  1  2  3  4  5  6  7  8  9 10 11 12 13 14 15 16 17 18 19 20 21 22 23 24 25 26 27 |
---------------+----------------------------------------------------------------------------------+-----
Short Blades   | 3 4 5 6 7 9 10 12 14 | 14.0
Throwing       | 3 4 9 |  9.0
Stealth        | 6 7 9 10 13 15 17 | 17.1
Armour         | 2 4 5 8 |  8.3
Dodging        | 3 7 10 12 13 15 16 17 18 19 21 24 27 | 27.0
Evocations     | 3 6 10 13 14 | 14.8
Fighting       | 4 6 11 12 14 16 17 18 19 20 21 27 | 27.0
Invocations    | 3 7 11 13 15 17 18 19 20 22 25 27 | 27.0
Crossbows      | 8 10 | 10.0
Polearms       | 1 8 12 | 12.0
Shields        | 5 8 |  8.7

Action                   |  1- 3 |  4- 6 |  7- 9 | 10-12 | 13-15 | 16-18 | 19-21 | 22-24 | 25-27 || total
-------------------------+-------+-------+-------+-------+-------+-------+-------+-------+-------++-------
Melee: Dagger            |    82 |    74 |   404 |   669 |  1372 |   545 |       |     3 |   243 ||  3392
       Rapier            |       |       |       |       |    26 |   543 |   995 |  1157 |       ||  2721
       Lance             |       |       |       |       |       |       |       |   574 |  3086 ||  3660
       Bite              |       |       |       |       |       |       |       |       |    64 ||    64
       Headbutt          |       |       |       |       |       |       |       |       |    17 ||    17
 Fire: Hand crossbow     |       |       |       |       |       |    36 |    19 |       |       ||    55
Throw: Dart              |    12 |    27 |    25 |    35 |    96 |     9 |    10 |     4 |       ||   218
       Throwing net      |       |       |       |       |     1 |     4 |     5 |     3 |       ||    13
Invok: Shadow Step       |       |       |       |       |       |     1 |     4 |     4 |       ||     9
       Shadow Form       |       |       |       |       |       |       |       |       |     1 ||     1
 Abil: Evoke Invisibilit |       |       |       |     6 |    22 |    15 |    15 |    18 |     2 ||    78
Evoke: Wand              |       |       |       |     1 |    38 |    15 |    16 |     4 |     2 ||    76
       Condenser vane    |       |       |       |     1 |     4 |     8 |     6 |     7 |     7 ||    33
       Box of beasts     |       |       |       |       |       |     3 |     3 |     7 |     4 ||    17
       Phial of floods   |       |       |       |       |       |       |       |     3 |       ||     3
  Use: Scroll            |     2 |     2 |     7 |    10 |    15 |     6 |     7 |    15 |    28 ||    92
       Potion            |       |     2 |     1 |     4 |     2 |     7 |     5 |    24 |    23 ||    68
 Stab: Sleeping          |    12 |    12 |    38 |    37 |    78 |   143 |   143 |   139 |   177 ||   779
       Distracted        |     2 |       |     2 |     2 |     5 |     9 |     8 |    14 |    42 ||    84
       Invisible         |       |       |       |    13 |    79 |    60 |    57 |    53 |    11 ||   273
       Paralysed         |       |       |       |       |     6 |     8 |     2 |     1 |       ||    17
       Held in net/web   |       |       |       |       |       |       |     7 |     2 |       ||     9
       Confused          |       |       |       |       |       |       |       |       |     3 ||     3
Armor: Robe              |     3 |    11 |    44 |       |       |       |       |       |       ||    58
       Acid dragon scale |       |       |    10 |       |       |       |       |       |       ||    10
       Ring mail         |       |       |    23 |    73 |   104 |   161 |   112 |   172 |   235 ||   880
Dodge: Dodged            |    31 |    32 |   198 |   354 |   752 |   824 |   782 |  1312 |  1712 ||  5997
Block: Other             |       |       |       |    28 |   156 |   263 |       |       |       ||   447
       Reflection        |       |       |       |       |     3 |       |       |       |       ||     3
       Buckler           |       |       |       |       |       |       |       |   249 |   861 ||  1110

Levels and vault maps discovered:
D:1:      dpeg_arrival_windows_large_door, layout_loops_ring,
          hellmonk_ecumenical_altar_blasted
D:2:      layout_loops_cross, serial_shops, shop_coins, nicolae_lakefront_shop,
          nicolae_shop_trees, kennysheep_nondescript, grunt_ministairs_8
D:3:      layout_loops_ring, st_stairs_8, uniq_sigmund, uniq_crazy_yiuf_cottage
D:4:      cheibrodos_greedy_goblins, layout_cave_pools, serial_shops,
          nicolae_inconvenience_store, minmay_lizard_king
D:5:      layout_basic, fedhas_altar_3, mainiacjoe_overflow_surrounded_room,
          mainiacjoe_overflow_alcove_1, zin_treasury
D:6:      layout_loops_ring, evilmike_ruin_ashenzari,
          chequers_temple_overflow_minitemple, minmay_temple_entry_crystal_x,
          hangedman_abyss_or_decor_lesser_grid
D:7:      layout_gridville, nicolae_ru_the_path_less_chosen
D:8:      layout_cave_pools, mainiacjoe_overflow_concentric_impassable,
          nicolae_qazlal_style_of_elements, minmay_lair_entry_grove
D:9:      minmay_evil_eye, layout_cave_pools, orc_0_dummy
D:10:     minmay_statue_hallways, layout_loops_ring,
          mainiacjoe_overflow_24_doors, kennysheep_little_box,
          nicolae_trove_entry_crystal, nicolae_benzene_ring
D:11:     layout_basic, gammafunk_ghost_arena, uniq_nergalle
D:12:     layout_rooms
D:13:     wander_river, layout_basic, uniq_rupert
D:14:     nzn_winding_woodlands_three_and_one
          [nzn_winding_woodlands_5x15_sawtooth,
          nzn_winding_woodlands_5x15_longhouse,
          nzn_winding_woodlands_5x15_pathside_ponds,
          nzn_winding_woodlands_center_diamonds], layout_basic,
          grunt_vaults_entry_tiered, minmay_strange_pillars, enter_bailey_5,
          argonaut_gorgonesque
D:15:     gammafunk_depths_entry_grave, layout_long_grid,
          grunt_dithmenos_smoke_and_mirrors, ebering_ghost_gozag, special_room
          [special_room_orc], serial_bayou, serial_bayou_pond_e,
          serial_bayou_ford_a, serial_bayou_crossing, serial_bayou_shore_b,
          minmay_alternating_orb
Temple:   dpeg_three_leaves_temple
Lair:1:   layout_regular_city, nzn_random_ring, infiniplex_staircase_pool
Lair:2:   layout_loops_ring, minmay_shoals_entry_hut, portal_ice_cave_rime,
          minmay_lair_oklob_items, minmay_stone_trees_small,
          bh_autumn_forest_stairs
Lair:3:   layout_gridlike, st_stairs_10, pf_torpor_hydra, lemuel_fruit_tree,
          infiniplex_staircase_pool_2, grunt_megastairs_5
Lair:4:   layout_cave_pods, spider_nest_entry_funnel_web,
          nicolae_lair_grove_arrangements, uniq_kirke
Lair:5:   layout_gridlike
Lair:6:   minmay_lair_end_frog_pond, layout_regular_city,
          minmay_slime_entry_jelly_boxes
Shoals:1: layout_shoals
Shoals:2: layout_shoals, nicolae_shoals_flooded_hall
Shoals:3: layout_shoals
Shoals:4: shoals_end_simple, layout_shoals, uniq_roxanne, uniq_louise
Spider:1: layout_spider_delve
Spider:2: layout_spider_delve, nicolae_spider_cling_ruins, uniq_arachne,
          uniq_frances
Spider:3: layout_spider_delve
Spider:4: grunt_spider_rune_circles, nicolae_spider_rock_and_or_roll,
          uniq_mlioglotl
Orc:1:    layout_caves, gammafunk_ghost_necromancy, basic_altar,
          nicolae_orc_damp_corner
Orc:2:    pf_orc_diabolical, layout_caves, serial_shops, shop
Elf:1:    elf_arrival_001, layout_onion_city
Elf:2:    nicolae_elf_blades_splatter_lattice
          [nicolae_blade_entry_floor_patterns], layout_onion_city, serial_shops,
          shop
Elf:3:    grunt_elf_hall_asides, layout_gridlike, special_room
          [special_room_orc], serial_shops, shop_fountains, grunt_megastairs_3,
          minmay_shoptagon
Vaults:1: v_misc_23, ontoclasm_vaults_shuriken,
          nicolae_vaults_stairing_the_circle, vaults_room_semicircle,
          v_alt_pattern_3, v_pattern_5, ontoclasm_vaults_fault,
          vaults_dpeg_encased_lava, v_alt_pattern_3, vaults_room_door_ring,
          hangedman_vaults_snaps, ontoclasm_vaults_gateway,
          ontoclasm_vaults_twist, vaults_room_pool, layout_vaults_omnicross,
          serial_shops, shop
Vaults:2: v_pattern_4, nicolae_vaults_alarming,
          minmay_crypt_entry_simple_statues, nicolae_vaults_specimen_jars,
          grunt_vaults_funnel, door_vault, v_alt_pattern_2,
          layout_vaults_chaotic_city, uniq_xtahua, uniq_boris
Vaults:3: nicolae_vaults_network_barrier, nicolae_vaults_quartermaster,
          nicolae_vaults_angled_halls, v_misc_18, nicolae_vaults_gold_heap,
          nicolae_vaults_circle_grid_a, vaults_room_grid, vaults_room_corners,
          v_alt_pattern_6, vaults_room_pool, layout_vaults_omnigrid,
          uniq_asterion
Vaults:4: grunt_tower_of_power, nicolae_vaults_network_square,
          vaults_dpeg_hooks, hangedman_vaults_nails, dpeg_vaults_monster_box,
          nicolae_vaults_twisting_passages, v_misc_11, nicolae_vaults_little_ls,
          v_misc_17, v_misc_32, v_alt_pattern_4, grunt_vaults_hallway_short,
          ontoclasm_vaults_ring_small, nicolae_vaults_circle_grid_b, v_misc_22,
          layout_vaults_maze
Vaults:5
Crypt:1:  layout_basic, glass_columns_c, grunt_crypt_arrival_webbed
Crypt:2:  layout_catacombs
Crypt:3:  cryptofortress_bobbens
Depths:1: minmay_the_grid_net [minmay_the_grid_plusring, minmay_the_grid_slots,
          minmay_the_grid_expand, minmay_the_grid_zigzag_pyramid,
          minmay_the_grid_paths, minmay_the_grid_prize_big_room],
          layout_cave_pools, enter_ziggurat_b, pf_hell_entry_tar_spiral,
          serial_shops, shop, chequers_serial_rivers_marsh,
          hangedman_decor_push, drop_trap, serial_bayou_pond_c,
          nzn_hepliaklqana_mist_gate
Depths:2: kennysheep_big_flooded_room, layout_cave_pools,
          rand_demon_pan_entry_7, serial_shops, bzr_in_the_mist, hell_entry,
          abyss_entry, uniq_mara, uniq_sojobo
Depths:3: kennysheep_bubbly, layout_small_grid, nicolae_gozag_zags_fifth_avenue,
          abyss_entry, hell_entry, minmay_misc_feat_chi
Depths:4: grunt_zot_entry_tricorne, layout_cave_pools, serial_bayou,
          serial_bayou_lagoon_b, serial_bayou_pond_a, serial_bayou_pond_c,
          serial_bayou_pond_d, hell_entry, abyss_entry_crystal
Zot:1:    kennysheep_blocky_hall, layout_concentric_octagons,
          amethyst_zot_foddershock
Zot:2:    layout_gridlike, grunt_megastairs_4
Zot:3:    layout_basic, st_single_dragon_hoard_1, st_single_dragon_hoard_2,
          grunt_ministairs_10, hangedman_elemental_corridor
Zot:4:    grunt_twist_and_shout, layout_onion_interference,
          hangedman_player_shredder
Zot:5:    layout_cathedral_of_symmetry, gammafunk_ghost_ooze

Notes
Turn   | Place    | Note
-------+----------+-------------------------------------------
     0 | D:1      | demibob the Kobold Brigand began the quest for the Orb.
     0 | D:1      | Reached XP level 1. HP: 12/12 MP: 1/1
    68 | D:1      | Reached skill level 3 in Short Blades
    68 | D:1      | Reached XP level 2. HP: 13/17 MP: 2/2
   141 | D:1      | Found a faded altar of an unknown god.
   433 | D:1      | Reached XP level 3. HP: 21/21 MP: 3/3
  1015 | D:2      | Reached skill level 3 in Throwing
  1260 | D:2      | Reached skill level 6 in Stealth
  1291 | D:2      | Reached XP level 4. HP: 26/26 MP: 4/4
  1362 | D:2      | Reached skill level 4 in Short Blades
  1658 | D:2      | Found Xialaceh's Weapon Shop.
  1734 | D:2      | Found Cethuj's Jewellery Shoppe.
  1747 | D:2      | Bought a ring of see invisible for 150 gold pieces
  1776 | D:2      | Reached XP level 5. HP: 30/30 MP: 5/5
  1781 | D:2      | Found Wuzeugi's Armour Shoppe.
  2298 | D:3      | Reached skill level 4 in Throwing
  2305 | D:3      | Reached skill level 5 in Short Blades
  2305 | D:3      | Reached skill level 7 in Stealth
  2305 | D:3      | Reached XP level 6. HP: 25/35 MP: 6/6
  2416 | D:3      | Noticed Sigmund
  2436 | D:3      | Killed Sigmund
  2437 | D:3      | Reached skill level 6 in Short Blades
  2437 | D:3      | Reached XP level 7. HP: 23/40 MP: 7/7
  2704 | D:3      | Reached skill level 8 in Stealth
  3284 | D:3      | Found a runed translucent door.
  3287 | D:3      | Noticed Crazy Yiuf
  4145 | D:4      | Reached skill level 7 in Short Blades
  4425 | D:4      | Reached skill level 9 in Stealth
  4446 | D:4      | Reached XP level 8. HP: 29/44 MP: 8/8
  4768 | D:4      | Found Xetaxibo's General Store.
  4871 | D:5      | Entered Level 5 of the Dungeon
  4899 | D:5      | Found an ornate altar of the Wu Jian Council.
  4950 | D:5      | Reached skill level 8 in Short Blades
  4973 | D:5      | Found an iron altar of Okawaru.
  4991 | D:5      | Reached skill level 10 in Stealth
  5034 | D:5      | Found a blossoming altar of Fedhas.
  5084 | D:5      | Identified the +3 whip of Change {antimagic, Str+2}
  5266 | D:5      | Found a glowing silver altar of Zin.
  5735 | D:6      | Reached skill level 1 in Armour
  5735 | D:6      | Reached skill level 2 in Dodging
  5902 | D:6      | Reached skill level 9 in Short Blades
  5910 | D:6      | Reached skill level 3 in Dodging
  5930 | D:6      | Found a staircase to the Ecumenical Temple.
  5954 | D:6      | Reached skill level 2 in Armour
  5954 | D:6      | Reached XP level 9. HP: 38/48 MP: 9/9
  5955 | Temple   | Entered the Ecumenical Temple
  6026 | Temple   | Became a worshipper of Dithmenos the Shadowed
  6045 | D:6      | Identified the +2 ring mail of Iveizigh {rPois Dex+4
                  | Slay+3}
  6170 | D:6      | Reached skill level 4 in Dodging
  6170 | D:6      | Found a broken altar of Ashenzari.
  6399 | D:6      | Reached skill level 3 in Armour
  6695 | D:6      | Found a faded altar of an unknown god.
  6699 | D:6      | Found a white marble altar of Elyvilon.
  6700 | D:6      | Found a basalt altar of Yredelemnul.
  6701 | D:6      | Found a faded altar of an unknown god.
  6707 | D:6      | Found an ancient bone altar of Kikubaaqudgha.
  6867 | D:7      | Reached skill level 10 in Short Blades
  6867 | D:7      | Reached skill level 5 in Dodging
  6917 | D:7      | Found a sacrificial altar of Ru.
  7364 | D:7      | Reached skill level 4 in Armour
  7364 | D:7      | Reached skill level 6 in Dodging
  7415 | D:7      | Reached skill level 1 in Evocations
  7571 | D:7      | Reached * piety under Dithmenos
  7915 | D:8      | Found a stormy altar of Qazlal.
  7979 | D:8      | Reached skill level 2 in Evocations
  8016 | D:8      | Reached skill level 7 in Dodging
  8016 | D:8      | Reached skill level 3 in Evocations
  8016 | D:8      | Reached XP level 10. HP: 45/53 MP: 10/10
  8194 | D:8      | Reached skill level 4 in Evocations
  8225 | D:8      | Reached skill level 8 in Dodging
  8241 | D:8      | Found a staircase to the Lair.
  8271 | D:8      | Reached skill level 5 in Evocations
  8452 | D:8      | Reached skill level 3 in Fighting
  8807 | D:8      | Reached skill level 9 in Dodging
  8815 | D:8      | Reached skill level 4 in Fighting
  9148 | D:8      | Found a shimmering blue altar of Sif Muna.
  9377 | D:8      | Reached skill level 6 in Evocations
  9567 | D:9      | Reached skill level 10 in Dodging
  9844 | D:9      | Reached XP level 11. HP: 61/61 MP: 11/11
  9855 | D:9      | Found a staircase to the Orcish Mines.
  9915 | D:9      | Reached ** piety under Dithmenos
 10262 | D:10     | Entered Level 10 of the Dungeon
 10348 | D:10     | Reached skill level 7 in Evocations
 10640 | D:10     | Noticed a two-headed ogre
 10647 | D:10     | Killed a two-headed ogre
 10648 | D:10     | Reached skill level 11 in Dodging
 10807 | D:10     | Identified the ring of Xuizaffe {AC+4 Stlth+}
 10849 | D:10     | Reached skill level 8 in Evocations
 10884 | D:10     | Noticed an obsidian statue
 10947 | D:10     | Found a radiant altar of Vehumet.
 11434 | D:10     | Found a portal to a secret trove of treasure.
 11479 | D:10     | Found a sparkling altar of Nemelex Xobeh.
 11479 | D:10     | You fall into a shaft and drop 1 floor!
 11558 | D:11     | Noticed Nergalle
 11565 | D:11     | Killed Nergalle
 11625 | D:11     | Found a transporter.
 11637 | D:11     | Found a transporter.
 11637 | D:11     | Noticed ragingrage's ghost (journeyman DsCK)
 11639 | D:11     | Noticed a death knight
 11646 | D:11     | Noticed a two-headed ogre
 11647 | D:11     | Noticed an eight-headed hydra
 11663 | D:11     | Reached skill level 9 in Evocations
 11762 | D:11     | Reached skill level 12 in Dodging
 11925 | D:11     | Noticed a two-headed ogre
 12288 | Lair:1   | Entered Level 1 of the Lair of Beasts
 12440 | Lair:1   | Reached skill level 10 in Evocations
 12570 | Lair:1   | Noticed an eight-headed hydra
 12581 | Lair:1   | Noticed a six-headed hydra
 12583 | Lair:1   | Killed an eight-headed hydra
 12584 | Lair:1   | Reached XP level 12. HP: 62/66 MP: 9/12
 12585 | Lair:1   | Noticed a six-headed hydra
 12588 | Lair:1   | Killed a six-headed hydra
 12589 | Lair:1   | Reached skill level 13 in Dodging
 12592 | Lair:1   | Killed a six-headed hydra
 12593 | Lair:1   | Reached skill level 11 in Evocations
 12641 | Lair:1   | Reached skill level 1 in Invocations
 12836 | Lair:1   | Reached skill level 2 in Invocations
 12879 | Lair:1   | Reached *** piety under Dithmenos
 12884 | Lair:1   | Reached skill level 3 in Invocations
 13097 | Lair:1   | Reached skill level 12 in Evocations
 13472 | Lair:1   | Reached skill level 5 in Fighting
 13750 | Lair:2   | Identified a potion of resistance
 14254 | Lair:2   | Reached skill level 6 in Fighting
 14582 | Lair:2   | Reached skill level 13 in Evocations
 14742 | Lair:2   | Found a staircase to the Shoals.
 15194 | Lair:3   | Reached XP level 13. HP: 70/72 MP: 15/15
 15238 | Lair:3   | Reached skill level 7 in Fighting
 15351 | Lair:3   | You fall into a shaft and drop 1 floor!
 15355 | Lair:4   | Identified the +2 robe "Ymitel" {rC+}
 15669 | Lair:4   | Noticed Kirke
 15915 | Lair:4   | Reached skill level 8 in Fighting
 16012 | Lair:4   | Reached skill level 14 in Evocations
 16170 | Lair:4   | Reached skill level 9 in Fighting
 17156 | Lair:4   | Found a hole to the Spider Nest.
 17642 | Lair:5   | Noticed an eight-headed hydra
 17689 | Lair:5   | Killed an eight-headed hydra
 17690 | Lair:5   | Reached skill level 10 in Fighting
 17923 | Lair:5   | Reached **** piety under Dithmenos
 17931 | Lair:5   | Reached skill level 11 in Fighting
 18036 | Lair:5   | Noticed a seven-headed hydra
 18044 | Lair:5   | Killed a seven-headed hydra
 18102 | Lair:5   | Reached XP level 14. HP: 85/90 MP: 16/16
 18126 | Lair:5   | Reached skill level 12 in Fighting
 18703 | Lair:5   | Upgraded the game from 0.28-a0-819-g6ef7baa362 to
                  | 0.28-a0-823-gb444dcf96d
 18720 | Lair:6   | Entered Level 6 of the Lair of Beasts
 18796 | Lair:6   | Reached skill level 14 in Dodging
 18971 | Lair:6   | Reached ***** piety under Dithmenos
 19166 | Lair:6   | Reached skill level 4 in Invocations
 19473 | Lair:6   | Reached skill level 5 in Invocations
 19551 | Lair:6   | Reached skill level 15 in Dodging
 19941 | Lair:6   | Reached skill level 6 in Invocations
 20502 | Lair:6   | Reached skill level 7 in Invocations
 20865 | Lair:6   | Found a staircase to the Slime Pits.
 21112 | Lair:6   | Reached XP level 15. HP: 80/92 MP: 20/20
 21870 | D:2      | Bought the ring "Feru" {+Blink rF+ SInv} for 432 gold
                  | pieces
 22006 | Orc:1    | Entered Level 1 of the Orcish Mines
 22046 | Orc:1    | Reached skill level 16 in Dodging
 22183 | Orc:1    | Found a runed translucent gate.
 22184 | Orc:1    | Found a runed translucent gate.
 22185 | Orc:1    | Found a runed translucent gate.
 22339 | Orc:1    | Reached ****** piety under Dithmenos
 22494 | Orc:1    | Reached skill level 8 in Invocations
 22797 | Orc:2    | Entered Level 2 of the Orcish Mines
 22797 | Orc:2    | Found Fykh's Jewellery Boutique.
 23555 | Orc:2    | Found a staircase to the Elven Halls.
 23603 | Orc:2    | Found Piow's Magic Scroll Boutique.
 24085 | D:11     | Reached skill level 5 in Throwing
 24621 | D:12     | Reached skill level 9 in Invocations
 24771 | D:12     | Reached skill level 6 in Throwing
 25693 | Orc:2    | Found Curated's General Store.
 25701 | Orc:2    | Bought a scroll of fog for 32 gold pieces
 25703 | Orc:2    | Bought a scroll of identify for 22 gold pieces
 25703 | Orc:2    | Bought a scroll of identify for 22 gold pieces
 25849 | Orc:2    | Reached skill level 7 in Throwing
 26086 | Orc:2    | Reached skill level 10 in Invocations
 26201 | Orc:2    | Reached skill level 8 in Throwing
 26598 | Orc:2    | Found Atuxyroibu's Book Shoppe.
 26598 | Orc:2    | Found Oshrourigg's Antique Weapon Emporium.
 26599 | Orc:2    | Found a one-way gate leading to the halls of Pandemonium.
 27025 | Orc:2    | Bought a glowing rapier for 259 gold pieces
 27025 | Orc:2    | Bought a runed rapier for 259 gold pieces
 27219 | D:2      | Bought the brooch of Shielding {Spirit SH+8} for 594 gold
                  | pieces
 27219 | D:2      | Found the brooch of Shielding {Spirit SH+8}
 27472 | D:13     | Reached skill level 11 in Invocations
 27528 | D:13     | Noticed Rupert
 27534 | D:13     | Killed Rupert
 27705 | D:13     | Reached skill level 9 in Throwing
 27879 | D:13     | Reached XP level 16. HP: 103/103 MP: 24/24
 28536 | D:14     | Found a flagged portal.
 28547 | Bailey   | Entered a bailey
 28730 | Bailey   | Found the +13 scythe of Curses {drain, Drain}
 29292 | D:14     | Reached skill level 11 in Short Blades
 29308 | D:14     | Reached skill level 12 in Invocations
 29424 | D:14     | Found a gate to the Vaults.
 29744 | D:14     | Noticed a frost giant
 29754 | D:14     | Killed a frost giant
 29762 | D:14     | Reached skill level 17 in Dodging
 30088 | D:14     | Found the +2 ratskin cloak {*Rats rPois rN+ Str-1 Int-1
                  | Dex+1}
 30274 | D:15     | Entered Level 15 of the Dungeon
 30279 | D:15     | Found a staircase to the Depths.
 30322 | D:15     | Reached skill level 12 in Short Blades
 30858 | D:15     | Found a runed translucent gate.
 30859 | D:15     | Found a runed translucent gate.
 30859 | D:15     | Found an opulent altar of Gozag.
 30860 | D:15     | Found a runed translucent gate.
 30955 | D:15     | Found a shadowy altar of Dithmenos.
 31121 | D:15     | Reached skill level 13 in Invocations
 31141 | D:15     | Reached XP level 17. HP: 103/108 MP: 26/26
 31146 | D:15     | Reached skill level 13 in Short Blades
 31153 | D:15     | Identified the +8 hand crossbow of the Everdark {penet, rF+
                  | rC+ rN+}
 31387 | D:15     | Reached skill level 1 in Crossbows
 31552 | D:15     | Reached skill level 2 in Crossbows
 31627 | D:15     | Reached skill level 3 in Crossbows
 32397 | Elf:1    | Entered Level 1 of the Elven Halls
 32510 | Elf:1    | Reached skill level 4 in Crossbows
 33138 | Elf:1    | Reached skill level 14 in Short Blades
 33158 | Elf:1    | Reached skill level 14 in Invocations
 33209 | Elf:1    | Reached skill level 5 in Crossbows
 33901 | Spider:1 | Entered Level 1 of the Spider Nest
 33937 | Spider:1 | Identified the +8 bardiche "Aczet" {holy, Drain rElec rCorr
                  | Int+7}
 34103 | Spider:1 | Reached skill level 6 in Crossbows
 35042 | Spider:2 | Reached skill level 7 in Crossbows
 35044 | Spider:2 | Noticed Arachne
 35071 | Spider:2 | Killed Arachne
 35168 | Spider:2 | Noticed Frances
 35173 | Spider:2 | Killed Frances
 35174 | Spider:2 | Reached skill level 8 in Crossbows
 35174 | Spider:2 | Reached skill level 15 in Invocations
 35581 | Spider:2 | Reached XP level 18. HP: 110/113 MP: 29/29
 36181 | Spider:3 | Reached skill level 9 in Crossbows
 36901 | Spider:4 | Entered Level 4 of the Spider Nest
 36902 | Spider:4 | Noticed Mlioglotl
 36904 | Spider:4 | Killed Mlioglotl
 36985 | Spider:4 | Reached skill level 10 in Crossbows
 37016 | Spider:4 | Reached skill level 13 in Fighting
 37044 | Spider:4 | Reached skill level 18 in Dodging
 37436 | Spider:4 | Got a gossamer rune of Zot
 37597 | Spider:4 | Reached skill level 14 in Fighting
 37928 | Spider:4 | Reached skill level 5 in Armour
 38469 | Vaults:1 | Entered Level 1 of the Vaults
 38790 | Vaults:1 | Reached XP level 19. HP: 119/121 MP: 30/30
 38803 | Vaults:1 | Found Jugheocki's Jewellery Emporium.
 38808 | Vaults:1 | Bought the amulet "Qeqoj" {Spirit rC+ Will+ Regen+ Slay+2}
                  | for 638 gold pieces
 38934 | Vaults:1 | Reached skill level 6 in Armour
 39242 | Vaults:1 | Reached skill level 11 in Stealth
 39260 | Vaults:1 | Reached skill level 15 in Fighting
 39954 | Vaults:1 | Reached skill level 7 in Armour
 40055 | Vaults:1 | Reached skill level 12 in Stealth
 40336 | Vaults:2 | Noticed Xtahua
 40341 | Vaults:2 | >>fuck
 40341 | Vaults:2 | >>lol
 40372 | Vaults:2 | Killed Xtahua
 40697 | Vaults:2 | Reached skill level 13 in Stealth
 40912 | Vaults:2 | Found a staircase to the Crypt.
 40941 | Vaults:2 | Reached skill level 16 in Fighting
 41146 | Vaults:2 | Reached skill level 8 in Armour
 41262 | Vaults:2 | Reached XP level 20. HP: 131/131 MP: 31/31
 41262 | Vaults:2 | Noticed Boris
 41273 | Vaults:2 | Killed Boris
 41573 | Vaults:2 | Reached skill level 14 in Stealth
 41897 | Vaults:2 | Reached skill level 16 in Invocations
 41995 | Vaults:2 | Found a huge runed gate.
 41995 | Vaults:2 | Found a huge runed gate.
 41996 | Vaults:2 | Found a huge runed gate.
 41996 | Vaults:2 | Found a huge runed gate.
 41997 | Vaults:2 | Found a huge runed gate.
 41997 | Vaults:2 | Found a huge runed gate.
 41998 | Vaults:2 | Found a huge runed gate.
 41999 | Vaults:2 | Found a huge runed gate.
 42000 | Vaults:2 | Found a huge runed gate.
 42001 | Vaults:2 | Found a huge runed gate.
 42002 | Vaults:2 | Found a huge runed gate.
 42003 | Vaults:2 | Found a huge runed gate.
 42004 | Vaults:2 | Found a huge runed gate.
 42009 | Vaults:2 | Found a huge runed gate.
 42009 | Vaults:2 | Found a huge runed gate.
 42009 | Vaults:2 | Found a huge runed gate.
 42010 | Vaults:2 | Found a huge runed gate.
 42012 | Vaults:2 | Found a huge runed gate.
 42013 | Vaults:2 | Found a huge runed gate.
 42014 | Vaults:2 | Found a huge runed gate.
 42015 | Vaults:2 | Found a huge runed gate.
 42016 | Vaults:2 | Found a huge runed gate.
 42021 | Vaults:2 | Found a huge runed gate.
 42021 | Vaults:2 | Found a huge runed gate.
 42021 | Vaults:2 | Found a huge runed gate.
 42022 | Vaults:2 | Found a huge runed gate.
 42023 | Vaults:2 | Found a huge runed gate.
 42024 | Vaults:2 | Found a huge runed gate.
 42025 | Vaults:2 | Found a huge runed gate.
 42026 | Vaults:2 | Found a huge runed gate.
 42027 | Vaults:2 | Found a huge runed gate.
 42034 | Vaults:2 | Found a huge runed gate.
 42034 | Vaults:2 | Found a huge runed gate.
 42034 | Vaults:2 | Found a huge runed gate.
 42036 | Vaults:2 | Found a huge runed gate.
 42037 | Vaults:2 | Found a huge runed gate.
 42339 | Vaults:2 | Noticed a tentacled monstrosity
 42348 | Vaults:2 | Killed a tentacled monstrosity
 42560 | Vaults:3 | Reached skill level 15 in Stealth
 42913 | Vaults:3 | Reached skill level 17 in Fighting
 43566 | Vaults:3 | Reached skill level 19 in Dodging
 43584 | Vaults:3 | Reached skill level 17 in Invocations
 43586 | Vaults:3 | Reached XP level 21. HP: 80/140 MP: 19/33
 43734 | Vaults:3 | Noticed Asterion
 43836 | Vaults:3 | Identified the +5 scale mail "Wyhem" {rF+}
 44984 | Elf:2    | Reached skill level 20 in Dodging
 45193 | Elf:2    | Found Wajoruoth's Antique Armour Shoppe.
 45234 | Elf:2    | Reached skill level 18 in Fighting
 45406 | Elf:2    | Found a runed translucent gate.
 45406 | Elf:2    | Found a runed translucent gate.
 45406 | Elf:2    | Found a runed translucent gate.
 45912 | Elf:3    | Entered Level 3 of the Elven Halls
 45946 | Elf:3    | Found Leev's Magic Scroll Shop.
 45951 | Elf:3    | Bought a scroll of teleportation for 51 gold pieces
 46276 | Elf:3    | Reached skill level 21 in Dodging
 46408 | Elf:3    | Found Caycw's General Store.
 46412 | Elf:3    | Reached skill level 18 in Invocations
 46419 | Elf:3    | Found Cuir's Antique Weapon Shop.
 47151 | Elf:3    | Paralysed by an air elemental for 1 turns
 47158 | Elf:3    | Paralysed by an air elemental for 1 turns
 47174 | Elf:3    | Noticed a Tzitzimitl
 47174 | Elf:3    | Identified the ring of Rirua {rElec rN+ Int+6}
 47419 | Elf:3    | Identified the +1 ring mail "Suoti" {rF++ rC- Regen+}
 47428 | Elf:3    | Reached XP level 22. HP: 125/142 MP: 28/35
 47462 | Elf:3    | Identified the ring "Qostrorr" {Ice rN+ Int+4 Dex+4}
 47470 | Elf:3    | Identified the +11 mace "Embalmer" {freeze, rElec Int+4}
 47637 | Elf:3    | Reached skill level 22 in Dodging
 47683 | Elf:3    | Got the Tome of Mutagenic Stones
 47707 | Elf:3    | Identified the +1 leather armour of Kleptomania {rF+}
 47853 | Elf:3    | Identified the +5 pair of gloves "Qouch" {MP+9 Dex+5}
 47861 | Elf:3    | Reached skill level 19 in Fighting
 47886 | Elf:3    | Identified the +0 plate armour "Loaric" {Str+2}
 47922 | Elf:3    | Identified the +2 short sword of Evolution {vorpal, rF+}
 48017 | Elf:3    | >>lmao
 48555 | Elf:2    | >>lmao
 48555 | Elf:2    | >>DIDNT WANT ONE ANYWAY
 48815 | Shoals:1 | Entered Level 1 of the Shoals
 48909 | Shoals:2 | Reached skill level 19 in Invocations
 48998 | Shoals:2 | Reached skill level 23 in Dodging
 49296 | Shoals:4 | Entered Level 4 of the Shoals
 49304 | Shoals:4 | Found the +8 lance "Wyrmbane" {slay drac, rPois rF+ rC+
                  | AC+3}
 49304 | Shoals:4 | Noticed Louise
 49310 | Shoals:4 | Killed Louise
 49698 | Shoals:4 | Identified the +8 falchion "Wyxtaosh" {flame, SInv}
 49809 | Shoals:4 | Got a barnacled rune of Zot
 50221 | Depths:1 | Entered Level 1 of the Depths
 50267 | Depths:1 | Reached skill level 1 in Polearms
 50267 | Depths:1 | Reached skill level 24 in Dodging
 50349 | D:15     | Reached XP level 23. HP: 128/145 MP: 31/36
 50383 | D:15     | Reached skill level 2 in Polearms
 50647 | Depths:1 | Reached skill level 1 in Shields
 50782 | Depths:1 | Reached skill level 3 in Polearms
 50818 | Depths:1 | Reached skill level 2 in Shields
 50881 | Depths:1 | Noticed a golden dragon
 50887 | Depths:1 | Killed a golden dragon
 50890 | Depths:1 | Reached skill level 4 in Polearms
 50890 | Depths:1 | Reached skill level 3 in Shields
 51030 | Depths:1 | Identified a scroll of acquirement
 51045 | Depths:1 | Got the Grimoire of Feathers
 51051 | Depths:1 | Acquired the ring "Irphess" {Fly Will+ Int+6}
 51231 | Depths:1 | Found a gateway to Hell.
 51294 | Depths:1 | Found a gateway to a ziggurat.
 51335 | Depths:1 | Found Zeefato's General Store.
 51369 | Depths:1 | Reached skill level 4 in Shields
 51405 | Depths:1 | Bought 2 potions of heal wounds for 160 gold pieces
 51405 | Depths:1 | Bought a scroll of magic mapping for 56 gold pieces
 51405 | Depths:1 | Bought a scroll of teleportation for 48 gold pieces
 51652 | Depths:1 | Found a hazy altar of Hepliaklqana.
 51682 | Depths:2 | Reached skill level 5 in Polearms
 51775 | Depths:2 | Found a flickering gateway to a bazaar.
 51781 | Bazaar   | Entered a bazaar
 51790 | Bazaar   | Found Viorass's Jewellery Boutique.
 51811 | Bazaar   | Found Meqev's Antique Weapon Emporium.
 51832 | Bazaar   | Found Gajiussi's Book Boutique.
 51852 | Bazaar   | Found Esawioma's Antique Weapon Shoppe.
 51960 | Depths:2 | Noticed a juggernaut
 51993 | Depths:2 | Killed a juggernaut
 51994 | Depths:2 | Noticed Sojobo
 52023 | Depths:2 | Killed Sojobo
 52026 | Depths:2 | Reached skill level 5 in Shields
 52351 | Depths:2 | Reached skill level 6 in Polearms
 52428 | Depths:2 | Noticed Mara
 52483 | Depths:2 | Noticed demibob's illusion
 52633 | Depths:1 | >>rough
 52837 | Orc:2    | Bought a scroll of teleportation for 33 gold pieces
 52837 | Orc:2    | Bought a scroll of blinking for 82 gold pieces
 52837 | Orc:2    | Bought a scroll of teleportation for 33 gold pieces
 53364 | Vaults:4 | Reached skill level 7 in Polearms
 53648 | Vaults:4 | Reached skill level 8 in Polearms
 53867 | Vaults:4 | Found a radiant altar of Vehumet.
 53892 | Vaults:4 | Identified the +3 robe "Tinaeren" {-Cast +Blink rN+ Dex+4}
 53900 | Vaults:4 | Found the +3 robe of Clouds {*Thunder rCloud rElec}
 53907 | Vaults:4 | Identified the +0 hat "Jangakio" {rPois rF- rCorr Str+4}
 53950 | Vaults:4 | Reached XP level 24. HP: 162/162 MP: 36/36
 54035 | Vaults:4 | Reached skill level 9 in Polearms
 54719 | Vaults:5 | Entered Level 5 of the Vaults
 54725 | Vaults:5 | Noticed a golden dragon
 54725 | Vaults:5 | Noticed a dread lich
 54727 | Vaults:5 | >>v bad
 54727 | Vaults:5 | >>lol
 54727 | Vaults:5 | >>v v v bad
 54803 | Vaults:5 | Reached skill level 10 in Polearms
 54851 | Vaults:5 | Got a silver rune of Zot
 55007 | Vaults:5 | Noticed an ancient lich
 55032 | Vaults:5 | Killed an ancient lich
 55066 | Vaults:5 | HP: 15/157 [tengu reaver (7)]
 55155 | Vaults:5 | Noticed a golden dragon
 55173 | Vaults:5 | Killed a golden dragon
 55174 | Vaults:5 | Reached skill level 11 in Polearms
 55214 | Vaults:5 | Identified the +6 hunting sling "Tafrumeo" {venom, rPois
                  | rF- Int+5}
 55214 | Vaults:5 | Identified the amulet of Uvoshom {Faith Harm}
 55357 | Vaults:5 | Identified the +5 plate armour "Amokkuc" {Drain Regen+
                  | Int+2 Dex+2}
 55394 | Vaults:5 | Identified the +11 fustibalus of Dissent {flame, Dex+6}
 55400 | Vaults:5 | Identified the +3 robe of the Special Lovers {Harm rC++ rN+
                  | Str-5}
 55400 | Vaults:5 | Identified the ring "Qeuvadat" {rPois rF- rN++ Will+ SInv}
 55523 | Vaults:5 | Killed a golden dragon
 55543 | Vaults:5 | Identified the +2 cloak "Utatz" {Int+2}
 55563 | Vaults:5 | Got the Collected Works on Black Rites
 55656 | Vaults:5 | Reached skill level 12 in Polearms
 55665 | Vaults:5 | Killed a dread lich
 55687 | Vaults:5 | Got Cigotuvi's Catalogue of Subjectivity
 55772 | Vaults:5 | Reached skill level 20 in Fighting
 55826 | Vaults:5 | Found Qidwovor's Antique Armour Shoppe.
 55836 | Vaults:5 | Noticed a dread lich
 55836 | Vaults:5 | Noticed a dread lich
 55846 | Vaults:5 | Identified the +3 ring mail of the Maze {*Slow Str+4 Int+6}
 55858 | Vaults:5 | Paralysed by a dread lich for 6 turns
 56087 | Vaults:5 | Killed a dread lich
 56088 | Vaults:5 | Reached skill level 20 in Invocations
 56343 | Vaults:5 | Reached XP level 25. HP: 169/169 MP: 37/37
 56541 | Vaults:5 | Identified the +0 ring mail of True Grit {Int+4 Dex+4
                  | Stlth-}
 56546 | Vaults:5 | Got the Reference Book on Dislocated Stones
 56854 | Vaults:5 | Reached skill level 21 in Invocations
 57442 | Vaults:5 | Killed a dread lich
 57631 | Vaults:5 | Upgraded the game from 0.28-a0-823-gb444dcf96d to
                  | 0.28-a0-828-g0121872642
 57631 | Vaults:5 | Upgraded the game from 0.28-a0-828-g0121872642 to
                  | 0.28-a0-850-g09de17f5b5
 58108 | Vaults:3 | Killed Asterion
 58781 | Depths:2 | Reached skill level 21 in Fighting
 59090 | Depths:1 | Killed Mara
 59200 | Depths:2 | Found a one-way gate to the infinite horrors of the Abyss.
 59444 | Depths:2 | Identified the +3 hand axe of Punishment {vamp, Str+6
                  | Dex+7}
 59581 | Depths:2 | Upgraded the game from 0.28-a0-850-g09de17f5b5 to
                  | 0.28-a0-851-g8b9cc49659
 59623 | Depths:3 | Reached skill level 22 in Invocations
 59640 | Depths:3 | Acquired a manual of Fire Magic
 60413 | Depths:3 | Found an opulent altar of Gozag.
 60421 | Depths:3 | Found Gozag's Platinum Reserve.
 61252 | Depths:4 | Entered Level 4 of the Depths
 61309 | Depths:4 | Reached XP level 26. HP: 140/178 MP: 26/38
 61401 | Depths:4 | Reached skill level 23 in Invocations
 61724 | Depths:4 | Found a gate to the Realm of Zot.
 62126 | Depths:4 | Reached skill level 24 in Invocations
 62746 | Zot:1    | Entered Level 1 of the Realm of Zot
 63312 | Zot:1    | Reached skill level 25 in Invocations
 63991 | Zot:1    | Noticed an electric golem
 64053 | Zot:1    | Killed an electric golem
 64154 | Zot:1    | Noticed an electric golem
 64576 | Zot:2    | Reached XP level 27. HP: 164/184 MP: 34/39
 64711 | Zot:2    | Reached skill level 26 in Invocations
 65123 | Zot:2    | You fall into a shaft and drop 1 floor!
 65144 | Zot:3    | Noticed an electric golem
 65155 | Zot:3    | Killed an electric golem
 66187 | Zot:3    | Reached skill level 27 in Invocations
 66713 | Zot:3    | Reached skill level 22 in Fighting
 66831 | Zot:3    | Reached skill level 25 in Dodging
 67235 | Zot:4    | Noticed a Killer Klown
 67238 | Zot:4    | Killed a Killer Klown
 67248 | Zot:4    | Noticed an orb of fire
 67251 | Zot:4    | Killed an orb of fire
 67257 | Zot:4    | Identified the +3 pair of boots of the Vacuum {*Slow Str+4
                  | Int+4}
 67282 | Zot:4    | Noticed a Killer Klown
 67317 | Zot:4    | Noticed an electric golem
 67328 | Zot:4    | Killed a Killer Klown
 67338 | Zot:4    | Killed an electric golem
 67411 | Zot:4    | Noticed an ancient lich
 67415 | Zot:4    | Killed an ancient lich
 67416 | Zot:4    | Reached skill level 16 in Stealth
 67628 | Zot:4    | Noticed an orb of fire
 67996 | Zot:4    | Reached skill level 26 in Dodging
 68126 | Zot:4    | Gained mutation: You are occasionally teleported next to
                  | monsters. [an orb of fire]
 68130 | Zot:4    | Killed an orb of fire
 68144 | Zot:4    | Identified the ring "Otatso" {rElec Will+ Int+4 Dex+6}
 68196 | Zot:3    | Gained mutation: Your mind is acute. (Int +2) [potion of
                  | mutation]
 68196 | Zot:3    | Gained mutation: You have large cloven feet. [potion of
                  | mutation]
 68196 | Zot:3    | Gained mutation: Your mind is very acute. (Int +4) [potion
                  | of mutation]
 68197 | Zot:3    | Lost mutation: You have large cloven feet. [potion of
                  | mutation]
 68197 | Zot:3    | Lost mutation: Your mind is very acute. (Int +4) [potion of
                  | mutation]
 68197 | Zot:3    | Lost mutation: Your mind is acute. (Int +2) [potion of
                  | mutation]
 68197 | Zot:3    | Gained mutation: Your body sometimes deteriorates upon
                  | taking damage. [potion of mutation]
 68197 | Zot:3    | Gained mutation: You are robust. (+10% HP) [potion of
                  | mutation]
 68198 | Zot:3    | Lost mutation: Your body sometimes deteriorates upon taking
                  | damage. [potion of mutation]
 68198 | Zot:3    | Lost mutation: You are occasionally teleported next to
                  | monsters. [potion of mutation]
 68198 | Zot:3    | Gained mutation: Your magical capacity is low. (-10% MP)
                  | [potion of mutation]
 68198 | Zot:3    | Gained mutation: You are clumsy. (Dex -2) [potion of
                  | mutation]
 68252 | Zot:4    | Reached skill level 17 in Stealth
 68333 | Zot:4    | Acquired a manual of Transmutations
 68620 | Zot:4    | Reached skill level 23 in Fighting
 69555 | Crypt:1  | Entered Level 1 of the Crypt
 69597 | Crypt:1  | Reached skill level 27 in Dodging
 70081 | Crypt:1  | Noticed a curse skull
 70822 | Crypt:1  | Killed a curse skull
 70823 | Crypt:1  | Reached skill level 24 in Fighting
 71538 | Crypt:2  | Noticed a curse skull
 71543 | Crypt:2  | Killed a curse skull
 72797 | Crypt:3  | Entered Level 3 of the Crypt
 72871 | Crypt:3  | Reached skill level 6 in Shields
 73179 | Crypt:3  | Found a basalt altar of Yredelemnul.
 73179 | Crypt:3  | Noticed an ancient lich
 73200 | Crypt:3  | Killed an ancient lich
 73297 | Crypt:3  | Reached skill level 7 in Shields
 73381 | Crypt:3  | Found the +6 Majin-Bo {vamp, MP+6 Int+6}
 73383 | Crypt:3  | Found a staircase to the Tomb.
 73537 | Crypt:3  | Reached skill level 25 in Fighting
 73724 | Crypt:3  | Reached skill level 8 in Shields
 73735 | Crypt:3  | Found the amulet of the Air {Inacc Air Fly rElec RMsl}
 73740 | Crypt:3  | Identified the ring of the Muttering Queen {Contam rN+
                  | Dex+9 Slay+2 SInv}
 73740 | Crypt:3  | Identified the ring "Ceacyose" {rPois rN+ Will+ Str+4
                  | Stlth-}
 74115 | Zot:5    | Entered Level 5 of the Realm of Zot
 74185 | Zot:5    | Found a runed translucent gate.
 74186 | Zot:5    | Found a runed translucent gate.
 74187 | Zot:5    | Found a runed translucent gate.
 74187 | Zot:5    | Noticed Nempuhu's ghost (veteran MiDe)
 74447 | Zot:5    | Upgraded the game from 0.28-a0-851-g8b9cc49659 to
                  | 0.28-a0-863-g8cecda6153
 74486 | Zot:5    | Noticed an ancient lich
 74491 | Zot:5    | Killed an ancient lich
 74494 | Zot:5    | Noticed a dread lich
 74498 | Zot:5    | Killed a dread lich
 74519 | Zot:5    | Noticed an orb of fire
 74522 | Zot:5    | Gained mutation: You occasionally shout uncontrollably at
                  | your foes. [an orb of fire]
 74530 | Zot:5    | Noticed an orb of fire
 74532 | Zot:5    | Gained mutation: Your magical capacity is very low. (-20%
                  | MP) [an orb of fire]
 74581 | Zot:5    | Lost mutation: You are clumsy. (Dex -2) [potion of
                  | mutation]
 74581 | Zot:5    | Lost mutation: You are robust. (+10% HP) [potion of
                  | mutation]
 74581 | Zot:5    | Lost mutation: Your magical capacity is very low. (-20% MP)
                  | [potion of mutation]
 74581 | Zot:5    | Gained mutation: You are dopey. (Int -2) [potion of
                  | mutation]
 74581 | Zot:5    | Gained mutation: You are partially covered in iridescent
                  | scales. (AC +2) [potion of mutation]
 74583 | Zot:5    | Lost mutation: You are partially covered in iridescent
                  | scales. (AC +2) [potion of mutation]
 74583 | Zot:5    | Lost mutation: Your magical capacity is low. (-10% MP)
                  | [potion of mutation]
 74583 | Zot:5    | Lost mutation: You are dopey. (Int -2) [potion of mutation]
 74583 | Zot:5    | Gained mutation: You are weak. (Str -2) [potion of
                  | mutation]
 74583 | Zot:5    | Gained mutation: You are dopey. (Int -2) [potion of
                  | mutation]
 74583 | Zot:5    | Gained mutation: A frigid envelope surrounds you and
                  | freezes all who hurt you. [potion of mutation]
 74613 | Zot:5    | Gained mutation: You are very weak. (Str -4) [an orb of
                  | fire]
 74621 | Zot:5    | Gained mutation: You are frail. (-10% HP) [an orb of fire]
 74629 | Zot:5    | Killed an orb of fire
 74652 | Zot:5    | Killed an orb of fire
 74653 | Zot:5    | Lost mutation: You are frail. (-10% HP) [potion of
                  | mutation]
 74653 | Zot:5    | Lost mutation: You are dopey. (Int -2) [potion of mutation]
 74653 | Zot:5    | Lost mutation: A frigid envelope surrounds you and freezes
                  | all who hurt you. [potion of mutation]
 74653 | Zot:5    | Gained mutation: Your body sometimes deteriorates upon
                  | taking damage. [potion of mutation]
 74653 | Zot:5    | Gained mutation: You are agile. (Dex +2) [potion of
                  | mutation]
 74653 | Zot:5    | Gained mutation: You are very agile. (Dex +4) [potion of
                  | mutation]
 74653 | Zot:5    | Gained mutation: You possess an exceptional clarity of
                  | mind. [potion of mutation]
 74654 | Zot:5    | Lost mutation: You are very weak. (Str -4) [potion of
                  | mutation]
 74654 | Zot:5    | Lost mutation: Your body sometimes deteriorates upon taking
                  | damage. [potion of mutation]
 74654 | Zot:5    | Lost mutation: You are weak. (Str -2) [potion of mutation]
 74654 | Zot:5    | Gained mutation: You have a pair of small horns on your
                  | head. [potion of mutation]
 74654 | Zot:5    | Gained mutation: Potions are less effective at restoring
                  | your health. [potion of mutation]
 74655 | Zot:5    | Lost mutation: You possess an exceptional clarity of mind.
                  | [potion of mutation]
 74655 | Zot:5    | Gained mutation: You are partially covered in large bone
                  | plates. (SH +4) [potion of mutation]
 74655 | Zot:5    | Gained mutation: You have very sharp teeth. [potion of
                  | mutation]
 74741 | Zot:5    | Noticed an orb of fire
 74743 | Zot:5    | Gained mutation: You do not regenerate when monsters are
                  | visible. [mutagenic glow]
 74764 | Zot:5    | Gained mutation: Your body sometimes deteriorates upon
                  | taking damage. [mutagenic glow]
 74778 | Zot:5    | Gained mutation: Your body often deteriorates upon taking
                  | damage. [mutagenic glow]
 74782 | Zot:5    | Killed an orb of fire
 74783 | Zot:5    | Reached skill level 26 in Fighting
 74789 | Zot:5    | Lost mutation: You occasionally shout uncontrollably at
                  | your foes. [potion of mutation]
 74789 | Zot:5    | Lost mutation: You have a pair of small horns on your head.
                  | [potion of mutation]
 74789 | Zot:5    | Gained mutation: You are dopey. (Int -2) [potion of
                  | mutation]
 74790 | Zot:5    | Lost mutation: Your body often deteriorates upon taking
                  | damage. [potion of mutation]
 74790 | Zot:5    | Lost mutation: You are dopey. (Int -2) [potion of mutation]
 74790 | Zot:5    | Lost mutation: You are very agile. (Dex +4) [potion of
                  | mutation]
 74971 | Zot:5    | Noticed an orb of fire
 75225 | Zot:5    | Gained mutation: You are dopey. (Int -2) [an orb of fire]
 75226 | Zot:5    | Killed an orb of fire
 75451 | Zot:5    | Noticed an electric golem
 75485 | Zot:5    | Killed an electric golem
 75637 | Zot:5    | Got the Orb of Zot
 75786 | Zot:2    | Reached skill level 27 in Fighting
 76169 | D:$      | Escaped with the Orb!

Vanquished Creatures
  3 dread liches
  4 ancient liches
  6 orbs of fire
  Mara (Depths:1)
  A juggernaut (Depths:2)
  Boris (Vaults:2)
  2 Killer Klowns (Zot:4)
  Sojobo (Depths:2)
  Xtahua (Vaults:2)
  18 golden dragons
  3 bone dragons
  Arachne (Spider:2)
  4 electric golems
  17 tentacled monstrosities
  Mlioglotl (Spider:4)
  5 liches
  2 deep elf blademasters (Elf:3)
  2 deep elf master archers (Elf:3)
  4 quicksilver dragons
  Asterion (Vaults:3)
  Rupert (D:13)
  7 titans
  19 Orb Guardians
  Frances (Spider:2)
  4 sphinxes
  7 death cobs
  25 storm dragons
  8 tengu reavers
  13 shadow dragons
  5 draconian monks
  6 draconian knights
  4 draconian scorchers
  9 frost giants
  8 fire giants
  8 ghost moths
  An orc warlord (Elf:3)
  17 vault wardens
  2 deep elf sorcerers
  2 iron dragons (Zot:4)
  6 emperor scorpions (Spider:4)
  Louise (Shoals:4)
  8 draconian shifters
  A caustic shrike zombie (Crypt:1)
  2 curse skulls
  5 draconian stormcallers
  A quicksilver ooze (shapeshifter) (Elf:1)
  5 deep elf elementalists (Elf:3)
  A ghoul (Crypt:2)
  16 stone giants
  4 draconian annihilators
  5 war gargoyles
  10 vampire knights
  15 red draconians
  32 very ugly things
  17 ironbound preservers
  6 entropy weavers
  14 black draconians
  9 deep elf demonologists
  14 green draconians
  21 white draconians
  2 spark wasps (Depths:4)
  20 purple draconians
  10 deep elf annihilators
  4 dire elephants (Vaults:2)
  6 deep elf death magi
  14 yellow draconians
  11 ettins
  6 merfolk impalers
  2 eidola
  A quicksilver dragon zombie (Crypt:1)
  3 crystal guardians (Crypt:3)
  6 merfolk javelineers
  4 great orbs of eyes
  11 hydras
  5 deep elf high priests
  25 yaktaur captains
  2 jiangshi (Depths:1)
  31 vault guards
  9 fire dragons
  10 ironbound thunderhulks
  10 boulder beetles
  3 rakshasas
  10 ice dragons
  An ogre mage (Vaults:2)
  7 ironbound frosthearts
  2 alligator snapping turtles (Shoals:4)
  A catoblepas (D:14)
  3 merfolk avatars
  4 two-headed ogres
  10 centaur warriors
  3 merfolk aquamancers
  A satyr (Shoals:3)
  36 dancing weapons
  3 death knights
  2 demonspawn (Orc:2)
  3 death yaks (Lair:5)
  15 deep troll shamans
  5 vampire magi
  10 tengu warriors
  11 deep troll earth magi
  4 spriggan berserkers
  8 hell knights
  6 orc high priests
  2 sun demons (Zot:4)
  23 deep elf knights
  A storm dragon zombie (D:15)
  12 iron trolls
  36 skeletal warriors
  Nergalle (D:11)
  76 deep trolls
  A golden dragon zombie (Crypt:3)
  3 shadow wraiths
  A storm dragon skeleton (Crypt:1)
  A bunyip zombie (Crypt:2)
  5 flayed ghosts
  A shadow demon (Zot:3)
  2 goliath frogs (Lair:6)
  8 wizards
  5 sea snakes
  3 glowing orange brains
  A bunyip skeleton (Crypt:3)
  8 deep elf archers
  26 deep elf pyromancers
  29 ironbound convokers
  17 harpies
  7 lindwurms
  2 shadow dragon zombies
  12 orc knights
  10 phantasmal warriors
  26 deep elf zephyrmancers
  14 necromancers
  13 orb spiders
  24 wolf spiders
  A wolf spider (shapeshifter) (Depths:3)
  10 fauns
  51 ugly things
  A faun (shapeshifter) (Depths:3)
  A fire giant zombie (D:15)
  6 cyclopes
  13 manticores
  A frost giant zombie (D:15)
  8 orc sorcerers
  A goliath frog skeleton (Crypt:2)
  29 moths of wrath
  14 elephants
  A moth of wrath (shapeshifter) (Depths:3)
  3 merfolk sirens
  5 black mambas
  20 vault sentinels
  2 water nymphs
  A guardian serpent (shapeshifter) (D:14)
  A naga mage (Vaults:4)
  A smoke demon (Orc:2)
  An alligator snapping turtle zombie (Crypt:1)
  An orange demon (Orc:2)
  4 gargoyles
  3 torpor snails
  A human zombie (Vaults:4)
  A catoblepas zombie (Crypt:1)
  3 freezing wraiths
  17 cane toads
  9 demonic crawlers
  A yaktaur (shapeshifter) (Vaults:5)
  An elf skeleton (Vaults:4)
  A pale draconian zombie (Crypt:1)
  2 dire elephant skeletons (Crypt:1)
  5 rime drakes
  7 komodo dragons
  2 efreet
  A komodo dragon (shapeshifter) (D:14)
  An unseen horror (D:10)
  A kobold demonologist (D:12)
  A red draconian skeleton (Crypt:1)
  41 yaktaurs
  7 tengu conjurers
  A tormentor (Zot:2)
  7 trolls
  14 merfolk
  A red devil (D:8)
  A guardian mummy (D:15)
  4 polar bears
  2 wind drakes (Shoals:4)
  26 jumping spiders
  3 harpy skeletons
  2 harpy zombies (Crypt:3)
  A grey draconian skeleton (Crypt:1)
  A wolf spider simulacrum (D:15)
  A meliai (D:15)
  3 tyrant leeches (Lair:6)
  A satyr zombie (Crypt:1)
  4 hornets
  2 snapping turtles
  4 spriggan zombies
  27 blink frogs
  5 dream sheep (Lair:5)
  25 slime creatures
  A fire dragon zombie (Crypt:3)
  28 flying skulls
  Sigmund (D:3)
  A redback (shapeshifter) (Depths:4)
  A spriggan (shapeshifter) (D:15)
  3 centaur simulacra
  28 water elementals
  74 redbacks
  2 shadows
  30 tarantellas
  2 spriggans (Depths:4)
  A tarantella (shapeshifter) (Elf:1)
  A fire dragon skeleton (Crypt:3)
  54 yaks
  8 wyverns
  2 air elementals (Elf:3)
  20 humans (D:14)
  A naga simulacrum (Crypt:1)
  3 fire elementals (Elf:3)
  6 wraiths
  9 basilisks
  2 hogs (Lair:4)
  2 steam dragons
  2 chaos spawn (Orc:2)
  10 vampire mosquitoes
  2 neqoxecs
  2 acid dragons (D:13)
  A warg (Orc:2)
  13 water moccasins
  2 naga skeletons
  A sky beast (D:7)
  45 orc warriors
  An ice beast (D:8)
  4 necrophages
  10 centaurs
  7 ogres
  A black bear (Lair:2)
  10 wolves
  2 phantoms (D:6)
  A swamp dragon skeleton (Crypt:2)
  19 bullfrogs
  3 kobold brigands (D:12)
  A rime drake skeleton (Crypt:2)
  6 scorpions
  A wyvern zombie (D:9)
  A gnoll sergeant (D:12)
  4 earth elementals
  A wyvern skeleton (D:6)
  A shapeshifter zombie (Crypt:2)
  4 killer bees
  5 wights (D:10)
  A raiju zombie (Crypt:1)
  A howler monkey (D:8)
  6 electric eels
  A lava snake (Lair:5)
  7 centaur zombies
  13 jellies (Lair:6)
  A hound (D:4)
  A bullfrog skeleton (D:7)
  3 centaur skeletons
  37 orc priests
  4 iguanas
  2 gnoll shamans
  11 orc wizards
  A tengu zombie (Crypt:2)
  A deep dwarf zombie (Crypt:1)
  A hound zombie (D:5)
  A howler monkey zombie (D:7)
  9 adders
  18 gnolls
  A shadow imp (D:6)
  A white imp (D:3)
  An ufetubus (D:6)
  2 worms (D:2)
  6 dart slugs
  80 orcs
  6 ball pythons
  6 endoplasms
  3 giant cockroaches
  28 goblins
  15 hobgoblins
  7 kobolds
  6 quokkas
  6 bats
  8 frilled lizards
  2 frilled lizard skeletons
  A jackal zombie (Crypt:2)
  9 rats
2291 creatures vanquished.

Vanquished Creatures (collateral kills)
  A dread lich (Vaults:5)
  A lich (Vaults:4)
  A tentacled monstrosity (Depths:2)
  2 ghost moths (Spider:4)
  A stone giant (Depths:2)
  A deep elf demonologist (Elf:3)
  A deep elf annihilator (Elf:3)
  4 vault guards
  2 deep troll shamans
  A dancing weapon (Elf:2)
  A deep elf knight (Elf:2)
  2 iron trolls (Depths:2)
  2 deep trolls (Depths:2)
  An ironbound convoker (Vaults:5)
  A deep elf pyromancer (Elf:2)
  2 water elementals (Depths:2)
  An orc warrior (D:15)
  An orc priest (D:15)
  7 orcs (D:15)
33 creatures vanquished.

Vanquished Creatures (others)
  A tengu reaver (Vaults:5)
  A vault warden (Vaults:5)
  A very ugly thing (Vaults:5)
  A deep elf demonologist (Vaults:2)
  A merfolk impaler (Shoals:4)
  A vault guard (Vaults:2)
  A lindwurm (Vaults:1)
  An ironbound convoker (Vaults:2)
  A deep elf zephyrmancer (Elf:1)
  A slime creature (Vaults:1)
  6 bushes
  56 fungi
  246 plants
  3 withered plants
321 creatures vanquished.

Grand Total: 2645 creatures vanquished

Table legend: (Time is in decaauts)
 A = Elapsed time spent in this place.
 B = Non-inter-level travel time spent in this place.
 C = Inter-level travel time spent in this place.
 D = Time resting spent in this place.
 E = Time spent auto-exploring this place.
 F = Levels seen in this place.
 G = Mean time per level.
                   A        B        C        D        E       F      G
               +--------+--------+--------+--------+--------+-----+--------+
         Total |  71829 |  64909 |   6920 |  11484 |  36842 |  54 | 1330.2 |
       Dungeon |  19935 |  17076 |   2859 |   2688 |  11360 |  15 | 1329.0 |
        Temple |     83 |     71 |     12 |      0 |     63 |   1 |   83.0 |
          Lair |   9581 |   8728 |    853 |   2248 |   4511 |   6 | 1596.8 |
        Shoals |   1143 |   1013 |    130 |    236 |     17 |   4 |  285.8 |
   Spider Nest |   3786 |   3590 |    196 |    557 |   2218 |   4 |  946.5 |
  Orcish Mines |   3556 |   2970 |    586 |    699 |   1237 |   2 | 1778.0 |
   Elven Halls |   5737 |   5243 |    494 |    839 |   3157 |   3 | 1912.3 |
        Vaults |  10392 |   9676 |    716 |   1487 |   5258 |   5 | 2078.4 |
         Crypt |   4072 |   3963 |    109 |    399 |   2753 |   3 | 1357.3 |
        Depths |   5373 |   4891 |    482 |    797 |   2584 |   4 | 1343.2 |
           Zot |   7615 |   7136 |    479 |   1209 |   3579 |   5 | 1523.0 |
        Bazaar |    123 |    123 |      0 |      0 |    101 |   1 |  123.0 |
        Bailey |    428 |    428 |      0 |    323 |      0 |   1 |  428.0 |
               +--------+--------+--------+--------+--------+-----+--------+

Top non-repeatable levels by time:
Vaults:5: 2464 daAuts
   Orc:2: 2438 daAuts
Vaults:2: 2427 daAuts
  Lair:6: 2384 daAuts
   Elf:1: 2231 daAuts
  Lair:4: 2213 daAuts
Vaults:3: 2137 daAuts
   Elf:3: 2019 daAuts
Depths:1: 2002 daAuts
   Zot:4: 1896 daAuts
    D:14: 1894 daAuts
Vaults:1: 1829 daAuts
    D:15: 1759 daAuts
    D:11: 1735 daAuts
  Lair:1: 1641 daAuts

Table legend:
 A = Non-vault XP
 B = Vault XP
 C = Vault XP percentage of total XP
 D = Non-vault monster count
 E = Vault monster count
 F = Vault count percentage of total count
                 A         B        C        D         E       F
            +---------+---------+-------+---------+---------+-------
      Total |  769417 |  664592 |  46.3 |    1431 |     894 |  38.5
            +---------+---------+-------+---------+---------+-------
        D:1 |      46 |       0 |   0.0 |      24 |       0 |   0.0
        D:2 |      65 |      44 |  40.4 |      20 |       4 |  16.7
        D:3 |     275 |     242 |  46.8 |      31 |       2 |   6.1
        D:4 |     272 |      70 |  20.5 |      13 |      22 |  62.9
        D:5 |     382 |       0 |   0.0 |       8 |       0 |   0.0
        D:6 |    1251 |       0 |   0.0 |      19 |       0 |   0.0
        D:7 |    1059 |       0 |   0.0 |      22 |       0 |   0.0
        D:8 |     820 |    2163 |  72.5 |      24 |      13 |  35.1
        D:9 |    1408 |     134 |   8.7 |      10 |       2 |  16.7
       D:10 |    1767 |       0 |   0.0 |      13 |       0 |   0.0
       D:11 |    3856 |     761 |  16.5 |      18 |       1 |   5.3
       D:12 |    5491 |       0 |   0.0 |      28 |       0 |   0.0
       D:13 |    6185 |    1691 |  21.5 |      15 |       1 |   6.2
       D:14 |    7240 |   17059 |  70.2 |      13 |      49 |  79.0
       D:15 |   20566 |   16268 |  44.2 |      37 |      41 |  52.6
     Lair:1 |    5549 |    4920 |  47.0 |      23 |      13 |  36.1
     Lair:2 |    2699 |     991 |  26.9 |      14 |       3 |  17.6
     Lair:3 |     731 |       0 |   0.0 |       2 |       0 |   0.0
     Lair:4 |    8819 |    1627 |  15.6 |      31 |       6 |  16.2
     Lair:5 |   10471 |       0 |   0.0 |      32 |       0 |   0.0
     Lair:6 |   14445 |   11355 |  44.0 |      44 |      51 |  53.7
   Shoals:1 |     548 |       0 |   0.0 |       1 |       0 |   0.0
   Shoals:2 |    9457 |       0 |   0.0 |      18 |       0 |   0.0
   Shoals:3 |    7851 |       0 |   0.0 |      16 |       0 |   0.0
   Shoals:4 |    8858 |   18256 |  67.3 |      15 |      29 |  65.9
   Spider:1 |    7970 |       0 |   0.0 |      24 |       0 |   0.0
   Spider:2 |   14560 |    3617 |  19.9 |      41 |       2 |   4.7
   Spider:3 |   12116 |       0 |   0.0 |      35 |       0 |   0.0
   Spider:4 |    9727 |   27710 |  74.0 |      37 |      48 |  56.5
      Orc:1 |    2464 |       0 |   0.0 |      32 |       0 |   0.0
      Orc:2 |    1934 |   15430 |  88.9 |      22 |      65 |  74.7
      Elf:1 |   19164 |    1765 |   8.4 |      29 |       3 |   9.4
      Elf:2 |   24005 |   25131 |  51.1 |      37 |      33 |  47.1
      Elf:3 |   15401 |   43534 |  73.9 |      29 |      55 |  65.5
   Vaults:1 |   32221 |   14510 |  31.1 |      47 |      24 |  33.8
   Vaults:2 |   38355 |   30950 |  44.7 |      60 |      34 |  36.2
   Vaults:3 |   33084 |   30747 |  48.2 |      52 |      33 |  38.8
   Vaults:4 |   20305 |   31572 |  60.9 |      32 |      39 |  54.9
   Vaults:5 |   25719 |  112557 |  81.4 |      38 |      92 |  70.8
    Crypt:1 |   27104 |       0 |   0.0 |      44 |       0 |   0.0
    Crypt:2 |   19908 |       0 |   0.0 |      38 |       0 |   0.0
    Crypt:3 |       0 |   52063 | 100.0 |       0 |      81 | 100.0
   Depths:1 |   36819 |   22074 |  37.5 |      50 |      17 |  25.4
   Depths:2 |   26887 |    7855 |  22.6 |      33 |       5 |  13.2
   Depths:3 |   22354 |   12404 |  35.7 |      25 |      12 |  32.4
   Depths:4 |   51625 |   18122 |  26.0 |      65 |      15 |  18.8
      Zot:1 |   51555 |    9341 |  15.3 |      43 |       7 |  14.0
      Zot:2 |   32141 |    1855 |   5.5 |      26 |       2 |   7.1
      Zot:3 |   43490 |   12388 |  22.2 |      34 |       9 |  20.9
      Zot:4 |   44795 |   53834 |  54.6 |      37 |      40 |  51.9
      Zot:5 |   35603 |   60731 |  63.0 |      30 |      25 |  45.5
     Bailey |       0 |     821 | 100.0 |       0 |      16 | 100.0
            +---------+---------+-------+---------+---------+-------
